 Dungeon Crawl Stone Soup version 0.23-a0-369-g357f654 (webtiles) character file.

19 Cryolive the Digger (level 2, -1/15 HPs)
             Began as a Gargoyle Earth Elementalist on Oct 24, 2018.
             Killed by divine providence
             ... invoked by an orc priest
             ... summoned by a worldbinder
              (15 damage)
             ... on level 1 of the Abyss.
             The game lasted 00:02:20 (376 turns).

Cryolive the Digger (Gargoyle Earth Elementalist)    Turns: 376, Time: 00:02:20

Health: -1/15      AC:  5    Str: 11    XL:     2   Next: 75%
Magic:  3/5        EV: 12    Int: 15    God:
Gold:   72         SH:  0    Dex: 10    Spells: 5/6 levels left

rFire    . . .     SeeInvis .   j - +0 mace
rCold    . . .     Gourm    .   (no shield)
rNeg     + . .     Faith    .   c - +0 robe
rPois    ∞         Spirit   .   (no helmet)
rElec    +         Reflect  .   (no cloak)
rCorr    .         Harm     .   (no gloves)
MR       .....                  k - +0 pair of boots
Stlth    ++........             (no amulet)
HPRegen  0.05/turn              (no ring)
MPRegen  0.09/turn              (no ring)

@: no status effects
A: negative energy resistance 1, electricity resistance, unbreathing,
petrification resistance, rot immunity, AC +2
a: no special abilities


You were on level 1 of the Abyss.
You were not hungry.

You visited 1 branch of the dungeon, and saw 1 of its levels.
You visited the Abyss 1 time.

You collected 72 gold pieces.

Inventory:

Hand Weapons
 j - a +0 mace (weapon)
Missiles
 b - 49 stones (quivered)
Armour
 c - a +0 robe (worn)
 k - a +0 pair of boots (worn)
Scrolls
 a - 2 scrolls of enchant armour {unknown}
 g - a scroll of teleportation {unknown}
 h - a scroll of remove curse {unknown}
 i - a scroll of identify {unknown}
Potions
 e - a potion of curing {unknown}
 f - a potion of degeneration {unknown}
Comestibles
 d - 2 rations


   Skills:
 - Level 1.5 Dodging
 - Level 2.1 Stealth
 + Level 2.5 Spellcasting
   Level 0.7 Transmutations
 + Level 4.2 Earth Magic


You had 5 spell levels left.
You knew the following spells:

 Your Spells              Type           Power        Failure   Level  Hunger
a - Sandblast             Erth           ##....       3%          1    #......

Your spell library contained the following spells:

 Spells                   Type           Power        Failure   Level  Hunger
 Passwall                 Tmut/Erth      #.......     12%         2    ###....
 Stone Arrow              Conj/Erth      #.....       26%         3    ###....
 Petrify                  Tmut/Erth      #.......     58%         4    #####..
 Lee's Rapid Deconstruct  Erth           ##........   71%         5    ######.


Dungeon Overview and Level Annotations

Branches:
Dungeon (1/15)

Altars:


Innate Abilities, Weirdness & Mutations

You are resistant to torment.
Your stone body is resilient. (AC +2)
You are immune to poison.
You resist negative energy. (rN+)
You are resistant to electric shocks. (rElec)
You can survive without breathing.
You are immune to petrification.
You are immune to rotting.


Message History

Confirm wit' . or Enter, or press ? or * ta list all spells.
Aimin': Sandblast (safe; 3% risk o' failure)
Press: ? - help, Shift-Dir - straight line, f/p - orc priest
Aim: an orc priest, wieldin' a falchion an' wearin' a scale mail (summon'd) Tha blast o' sand hits tha orc priest.
Tha orc priest be lightly wounded.
b - 49 stones Ye hit tha orc priest.
Tha orc priest be lightly wounded.
Tha worldbinder misses ye.
Tha worldbinder barely misses ye.
Tha orc priest closely misses ye.
Ye closely miss tha orc priest.
Tha orc priest be lightly wounded.
Tha orc priest disappears in a puff o' smoke!
Tha worldbinder calls forth creatures from tha Orcish Mines!
Tha worldbinder hits ye.
Tha worldbinder closely misses ye.
Tha orc priest invokes tha aid o' Beogh against ye.
Beogh smites ye!
Ouch! Tha re'lly hurt!
Ye die...

###########..
#.....#...#.##.
#..........≈..
#......♣...≈.♣
.##./≈...≈≈≈≈.≈♣
...≈≈.....≈.≈≈.♣ #
.##≈......≈≈≈.≈♣.#..
........@To≈≈≈≈...#
#.#.♣.≈T.x≈♣....
#..♣..h♣♣..# #
#..#.≈......## .#
.#.≈....##
##.......##
###..#### #.# ..#


You could see a worldbinder, 2 trolls, a warg and an orc priest.

Vanquished Creatures
  A leopard gecko (D:1)
  A ball python (D:1)
  A giant cockroach (D:1)
  A goblin (D:1)
  4 hobgoblins (D:1)
  A jackal (D:1)
  A bat (D:1)
  A frilled lizard (D:1)
  2 kobolds (D:1)
  4 rats (D:1)
17 creatures vanquished.

Notes
Turn   | Place    | Note
-------+----------+-------------------------------------------
     0 | D:1      | Cryolive the Gargoyle Earth Elementalist began the quest
                  | for the Orb.
     0 | D:1      | Reached XP level 1. HP: 10/10 MP: 3/3
   136 | D:1      | Reached XP level 2. HP: 10/15 MP: 0/5
   143 | D:1      | Reached skill level 4 in Earth Magic
   357 | D:1      | Cast into level 1 of the Abyss (goblin)
   368 | Abyss:1  | Noticed a worldbinder
   372 | Abyss:1  | Noticed a troll
   376 | Abyss:1  | Killed from afar by an orc priest

Vault maps used:
D:1:      elethiomel_arrival_maze, serial_bayou_ford_a, minmay_pentomino_s4

Skill      XL: |  1  2 |
---------------+-------+-----
Earth Magic    | 4 |  4.2
Dodging        | |  1.5
Stealth        | |  2.1
Spellcasting   | |  2.5
Transmutations | |  0.7

Action                   || total
-------------------------++-------
Melee: Short sword       ||    15
       Mace              ||    17
 Cast: Sandblast         ||    12
Armor: Robe              ||    12
Dodge: Dodged            ||    39

Table legend:
 A = Non-vault XP
 B = Vault XP
 C = Vault XP percentage of total XP
 D = Non-vault monster count
 E = Vault monster count
 F = Vault count percentage of total count
                 A         B        C        D         E       F
            +---------+---------+-------+---------+---------+-------
      Total |      26 |       2 |   7.1 |      15 |       2 |  11.8
            +---------+---------+-------+---------+---------+-------
        D:1 |      26 |       2 |   7.1 |      15 |       2 |  11.8
            +---------+---------+-------+---------+---------+-------
